 Dungeon Crawl Stone Soup version 0.29-a0-612-gb8e136f (webtiles) character file.

Game seed: 4083730962386952676

21903 Illumine the Destroyer (level 12, 0/74 HPs)
             Began as a Tengu Conjurer on June 16, 2022.
             Was a High Priest of Dithmenos.
             Slain by a deep troll earth mage (2 damage)
             ... on level 11 of the Dungeon.
             The game lasted 00:40:31 (16108 turns).

Illumine the Destroyer (Tengu Conjurer)            Turns: 16108, Time: 00:40:32

Health: 0/74       AC:  5    Str: 15    XL:     12   Next: 94%
Magic:  15/34      EV: 19    Int: 29    God:    Dithmenos [*****.]
Gold:   701        SH:  0    Dex: 16    Spells: 7/27 levels left

rFire   + . .      SeeInvis .   b - +9 flail of the Soothsayer {vamp, Will+}
rCold   . . .      Faith    .   (no shield)
rNeg    . . .      Spirit   .   L - +0 leather armour {rF+}
rPois   +          Reflect  .   (helmet restricted)
rElec   .          Harm     .   K - +0 cloak of the Four of Wands {rPois Str+8 Dex-2}
rCorr   .          Rampage  .   q - +0 pair of gloves
Will    .....      Archmagi +   (boots unavailable)
Stlth   +++++.....              (no amulet)
HPRegen 0.22/turn               O - ring of the Mage {Wiz Archmagi}
MPRegen 0.24/turn               H - ring "Isofat" {Will- MP+9 Int+4 Dex+6}

@: flying quickly and evasively, wreathed by umbra, quick
A: beak, talons 3, nimble flight
a: Renounce Religion, Shadow Step, Shadow Form


You were on level 11 of the Dungeon.
You worshipped Dithmenos.
Dithmenos was extremely pleased with you.
You visited 1 branch of the dungeon, and saw 11 of its levels.
You also visited: Bailey.

You collected 734 gold pieces.
You spent 33 gold pieces at shops.

Inventory:

Hand Weapons
 b - the +9 flail of the Soothsayer (weapon) {vamp, Will+}
   (You found it on level 3 of the Dungeon)

   It occasionally heals its wielder for a portion of the damage dealt when it
   wounds a living foe.
   Will:      It increases your willpower.
Missiles
 o - 23 poisoned darts
 I - 2 throwing nets
Armour
 q - a +0 pair of gloves (worn)
 K - the +0 cloak of the Four of Wands (worn) {rPois Str+8 Dex-2}
   (You found it on level 7 of the Dungeon)

   Str:       It affects your strength (+8).
   Dex:       It affects your dexterity (-2).
   rPois:     It protects you from poison.
 L - a +0 leather armour of fire resistance (worn)
Magical Staves
 a - a staff of conjuration
Jewellery
 d - a ring of see invisible
 i - a +6 ring of intelligence
 z - a ring of protection from fire
 H - the ring "Isofat" (right hand) {Will- MP+9 Int+4 Dex+6}
   (You took it off an orc on level 6 of the Dungeon)

   [ring of dexterity]

   Int:       It affects your intelligence (+4).
   Dex:       It affects your dexterity (+6).
   MP:        It affects your magic capacity (+9).
   Will:      It decreases your willpower.
 M - an amulet of regeneration
 O - the ring of the Mage (left hand) {Wiz Archmagi}
   (You took it off an orc wizard on level 8 of the Dungeon)

   [ring of wizardry]

   It improves your spell success rate.
   Archmagi:  It increases the power of your magical spells.
 R - a ring of fire
Wands
 p - a wand of charming (7)
 J - a wand of quicksilver (23)
Scrolls
 e - 5 scrolls of fear
 j - 2 scrolls of amnesia
 l - a scroll of poison
 n - 2 scrolls of blinking
 u - 2 scrolls of vulnerability
 w - 2 scrolls of brand weapon
 x - 4 scrolls of teleportation
 y - 6 scrolls of enchant weapon
 B - 3 scrolls of enchant armour
 E - a scroll of immolation {unknown}
 F - 2 scrolls of torment
 G - a scroll of magic mapping {unknown}
 N - a scroll of fog
Potions
 f - 3 potions of might
 g - 3 potions of mutation
 h - 2 potions of curing
 k - a potion of haste
 m - 3 potions of brilliance
 r - a potion of cancellation
 s - 2 potions of magic
 t - 3 potions of heal wounds
 A - 2 potions of degeneration {unknown}
 C - a potion of resistance {unknown}
 D - 2 potions of lignification {unknown}
 P - 3 potions of invisibility {unknown}
 Q - a potion of attraction {unknown}


   Skills:
 + Level 8.2 Fighting
 + Level 6.6 Maces & Flails
 - Level 4.0 Armour
 + Level 9.3 Dodging
 - Level 6.4 Stealth
 + Level 8.3 Spellcasting
 - Level 10.0 Conjurations
 - Level 4.0 Hexes
 - Level 4.0 Translocations
 + Level 4.2 Ice Magic
 - Level 4.0 Air Magic
 + Level 1.4 Invocations
 - Level 5.0 Evocations


You had 7 spell levels left.
You knew the following spells:

 Your Spells              Type           Power      Damage    Failure   Level
a - Magic Dart            Conj           100%       1d8       1%          1
b - Searing Ray           Conj           100%       2d8       1%          2
c - Dazzling Flash        Conj/Hex       100%       N/A       1%          3
d - Fulminant Prism       Conj/Hex       34%        3d16      1%          4
e - Iskenderun's Mystic   Conj/Tloc      68%        2d14      1%          4
f - Apportation           Tloc           100%       N/A       1%          1
g - Freezing Cloud        Conj/Ice/Air   31%        6-21      4%          5

Your spell library contained the following spells:

 Spells                   Type           Power      Damage    Failure   Level
 Stone Arrow              Conj/Erth      100%       3d13      1%          3
 Necrotize                Necr           72%        1d7       2%          1
 Sandblast                Erth           36%        2d10      2%          1
 Summon Small Mammal      Summ           72%        N/A       2%          1
 Passwall                 Tmut/Erth      15%        N/A       3%          2
 Summon Forest            Summ/Tloc      17%        N/A       26%         5
 Simulacrum               Ice/Necr       18%        N/A       77%         6
 Eringya's Noxious Bog    Tmut/Pois      9%         N/A       96%         6
 Summon Hydra             Summ           9%         N/A       100%        7
 Polar Vortex             Ice            26%        N/A       100%        9


Dungeon Overview and Level Annotations

Branches:
Dungeon (11/15)            Temple (0/1) D:7          Bailey (visited)
   Lair: D:8-11         Orc: D:9-12

Altars:
Ashenzari
Dithmenos
Fedhas
Makhleb
Qazlal
Vehumet
Wu Jian
Xom
Jiyva

Shops:
D:7 ?

Annotations:
D:9 3 runed translucent doors, edsrzf's ghost, journeyman DjBe
D:10 2 transporters
D:11 Fannar


Innate Abilities, Weirdness & Mutations

You have a beak for a mouth.
You have claws for feet.
Your magical nature lets you fly swiftly and evasively.


Message History

The magic dart hits the deep troll earth mage.
The deep troll earth mage is severely wounded.
Your shadow mimicks your spell!
The shadow shard hits the deep troll earth mage.
The deep troll earth mage gestures next to you while chanting.
The wall shatters!
The blast of rock fragments hits you!!
You emit a cloud of dark smoke.
Unknown command.
Casting: Magic Dart (safe; 1% risk of failure)
Confirm with . or Enter, or press ? or * to list all spells.
You don't know that spell.
Casting: Magic Dart (safe; 1% risk of failure)
Confirm with . or Enter, or press ? or * to list all spells.
Aiming: Searing Ray (safe; 1% risk of failure)
Press: ? - help, Shift-Dir - straight line You feel a surge of power! (Press . to maintain the ray.)
The searing ray hits the deep troll earth mage but does no damage.
The deep troll earth mage is almost dead.
The searing ray hits the deep troll earth mage but does no damage.
The deep troll earth mage is almost dead.
The deep troll earth mage closely misses you.
The deep troll earth mage misses you.
The deep troll earth mage barely misses you.
The searing ray hits the deep troll earth mage.
The deep troll earth mage is almost dead.
You finish channelling your searing ray.
The deep troll earth mage bites you!! The deep troll earth mage claws you!!
* * * LOW HITPOINT WARNING * * *
The deep troll earth mage claws you.
* * * LOW HITPOINT WARNING * * *
Casting: Searing Ray (safe; 1% risk of failure)
Confirm with . or Enter, or press ? or * to list all spells.
You feel a surge of power!
You erupt in a blast of force!
The mystic blast hits the deep troll earth mage but does no damage.
The deep troll earth mage is almost dead.
The deep troll earth mage misses you.
The deep troll earth mage closely misses you.
The deep troll earth mage claws you.
You die...

♣.♣ ♣♣.♣♣ ♣
?.# ♣.♣
#♣...♣# #♣
...#
♣♣.♣♣#.#'#.#
#. O..#
♣...♣#.#[#.#
#. ...#
♣...♣#.#T#.#
#. #.##
♣...♣#.#.#.♣
#. .#
#♣...♣#.#§#.♣
#♣ .#
#.......#T#..
#.
#♣...♣#.#@#.♣
#♣
♣...♣#.#§#.♣
#. ♣...♣#.#§#
#. ♣...♣#.#.#
#. ♣♣.♣♣#.#+#
#. ♣. #♣. #♣
♣. ♣ ♣ ###
#..


You could see a deep troll earth mage.

Vanquished Creatures
  2 vault guards (Bailey)
  A boulder beetle (D:11)
  3 two-headed ogres
  Erica (D:8)
  A skeletal warrior (D:11)
  An orc knight (D:11)
  An orc sorcerer (D:7)
  Maurice (D:11)
  4 cyclopes (D:11)
  Joseph (D:9)
  2 unseen horrors (D:11)
  2 kobold demonologists
  A komodo dragon (D:11)
  2 trolls (D:11)
  Prince Ribbit (Bailey)
  A shadow (D:11)
  4 wyverns
  4 humans (Bailey)
  5 wraiths (D:11)
  25 yaks
  3 vampires
  2 steam dragons (D:7)
  A vampire mosquito (D:11)
  An acid dragon (D:11)
  2 water moccasins
  2 orc warriors
  4 black bears
  A sky beast (D:7)
  3 ice beasts
  9 centaurs
  3 ogres
  A phantom (D:6)
  2 kobold brigands
  14 bullfrogs
  2 gnoll sergeants
  A scorpion (D:5)
  16 wights
  12 killer bees
  2 howler monkeys
  An electric eel (D:11)
  A jelly (D:4)
  6 orc priests
  A hound (D:6)
  2 gnoll shamans
  An iguana (D:6)
  12 orc wizards
  14 gnolls
  8 adders
  A shadow imp (D:6)
  2 white imps
  3 ufetubi
  2 worms
  4 dart slugs
  38 orcs
  13 ball pythons
  3 bats
  12 endoplasms
  4 giant cockroaches
  17 goblins
  10 hobgoblins
  8 jackals (D:3)
  5 quokkas
  2 frilled lizards
  19 kobolds
  7 rats
  A bush (D:7)
341 creatures vanquished.

Vanquished Creatures (others)
  A hound (D:4)
  An orc (D:4)
  7 bushes (D:7)
  43 fulminant prisms
  26 fungi (D:11)
  37 plants (D:11)
115 creatures vanquished.

Grand Total: 456 creatures vanquished

Notes
Turn   | Place    | Note
-------+----------+-------------------------------------------
     0 | D:1      | Illumine the Tengu Conjurer began the quest for the Orb.
     0 | D:1      | Reached XP level 1. HP: 10/10 MP: 4/4
   180 | D:1      | Reached XP level 2. HP: 15/15 MP: 1/6
   206 | D:1      | Learned a level 2 spell: Searing Ray
   264 | D:1      | Found a shadowy altar of Dithmenos.
   308 | D:1      | Became a worshipper of Dithmenos the Shadowed
   583 | D:1      | Reached XP level 3. HP: 19/19 MP: 1/7
  1365 | D:2      | Reached skill level 6 in Conjurations
  1573 | D:2      | Reached XP level 4. HP: 24/24 MP: 4/9
  1782 | D:2      | Found a faded altar of an unknown god.
  1804 | D:2      | Reached * piety under Dithmenos
  2210 | D:3      | Learned a level 3 spell: Dazzling Flash
  3400 | D:3      | Identified the +9 flail of the Soothsayer {vamp, Will+}
  3530 | D:4      | Noticed a black bear
  3537 | D:4      | Killed a black bear
  3538 | D:4      | Reached skill level 1 in Fighting
  3538 | D:4      | Gained mutation: Your magical nature lets you fly swiftly
                  | and evasively. [Tengu growth]
  3538 | D:4      | Reached XP level 5. HP: 20/29 MP: 2/11
  3731 | D:4      | Reached XP level 6. HP: 34/34 MP: 6/12
  3781 | D:4      | Learned a level 4 spell: Fulminant Prism
  3950 | D:4      | Reached ** piety under Dithmenos
  3997 | D:4      | Noticed a black bear
  4001 | D:4      | Killed a black bear
  4049 | D:4      | Reached skill level 1 in Maces & Flails
  4171 | D:4      | Reached skill level 7 in Conjurations
  4409 | D:4      | Found a shimmering altar of Xom.
  4735 | D:5      | Entered Level 5 of the Dungeon
  4747 | D:5      | Reached XP level 7. HP: 40/40 MP: 6/13
  5387 | D:5      | Reached skill level 1 in Hexes
  5829 | D:5      | Learned a level 4 spell: Iskenderun's Mystic Blast
  5850 | D:5      | Reached XP level 8. HP: 45/45 MP: 4/15
  6117 | D:5      | Found an ornate altar of the Wu Jian Council.
  6420 | D:6      | Reached *** piety under Dithmenos
  6753 | D:6      | Reached skill level 8 in Conjurations
  7062 | D:6      | Reached skill level 5 in Stealth
  7175 | D:6      | Reached XP level 9. HP: 52/52 MP: 12/17
  7231 | D:6      | Reached skill level 5 in Dodging
  7623 | D:6      | Reached skill level 5 in Spellcasting
  7976 | D:6      | Identified the ring "Isofat" {Will- MP+9 Int+4 Dex+6}
  8198 | D:6      | Identified the +6 scale mail of Mumblety Peg {Dex+3}
  8244 | D:6      | Learned a level 1 spell: Apportation
  8411 | D:7      | Found a staircase to the Ecumenical Temple.
  8427 | D:7      | Reached skill level 9 in Conjurations
  8490 | D:7      | Reached skill level 1 in Evocations
  8522 | D:7      | Noticed an orc sorcerer
  8547 | D:7      | Killed an orc sorcerer
  8556 | D:7      | Identified the +0 cloak of the Four of Wands {rPois Str+8
                  | Dex-2}
  9016 | D:7      | Reached skill level 5 in Fighting
  9063 | D:7      | Reached XP level 10. HP: 28/59 MP: 19/19
  9251 | D:7      | Reached **** piety under Dithmenos
  9333 | D:7      | Found a blossoming altar of Fedhas.
  9955 | D:7      | Found Xurym's Magic Scroll Boutique.
  9965 | D:7      | Bought a scroll of fog for 22 gold pieces
  9965 | D:7      | Bought a scroll of noise for 11 gold pieces
 10019 | D:8      | Reached skill level 10 in Conjurations
 10019 | D:8      | Reached skill level 1 in Translocations
 10233 | D:8      | Reached skill level 1 in Armour
 10544 | D:8      | Noticed Erica
 10556 | D:8      | Killed Erica
 10863 | D:9      | Found a runed translucent gate.
 10863 | D:9      | Found a runed translucent gate.
 10961 | D:9      | Noticed Joseph
 10981 | D:9      | Killed Joseph
 11328 | D:9      | Noticed a kobold demonologist
 11333 | D:9      | Killed a kobold demonologist
 11334 | D:9      | Reached XP level 11. HP: 64/64 MP: 22/22
 11758 | D:9      | Found a runed translucent gate.
 11827 | D:9      | Found a radiant altar of Vehumet.
 11842 | D:9      | Found a broken altar of Ashenzari.
 11861 | D:9      | Found a burning altar of Makhleb.
 11882 | D:9      | Reached ***** piety under Dithmenos
 11954 | D:9      | Found a shadowy altar of Dithmenos.
 12029 | D:9      | Noticed edsrzf's ghost (journeyman DjBe)
 12032 | D:9      | Found a viscous altar of Jiyva.
 12144 | D:10     | Entered Level 10 of the Dungeon
 12383 | D:10     | Learned a level 5 spell: Freezing Cloud
 12387 | D:10     | Found a flagged portal.
 12446 | Bailey   | Entered a bailey
 12639 | Bailey   | Noticed Prince Ribbit
 12707 | Bailey   | Killed Prince Ribbit
 12708 | Bailey   | Reached skill level 1 in Air Magic
 12708 | Bailey   | Reached skill level 1 in Invocations
 12845 | Bailey   | Noticed a vault guard
 12857 | Bailey   | Killed a vault guard
 12858 | Bailey   | Reached skill level 1 in Ice Magic
 12858 | Bailey   | Reached skill level 5 in Evocations
 12996 | Bailey   | Noticed a vault guard
 13009 | Bailey   | Killed a vault guard
 13325 | D:10     | Noticed a two-headed ogre
 13394 | D:10     | Killed a two-headed ogre
 13395 | D:10     | Reached skill level 5 in Maces & Flails
 13395 | D:10     | Reached XP level 12. HP: 72/72 MP: 7/24
 13687 | D:10     | Found a transporter.
 13688 | D:10     | Found a transporter.
 13688 | D:10     | Noticed a boulder beetle
 13696 | D:10     | Found a stormy altar of Qazlal.
 13824 | D:11     | Noticed a six-headed hydra
 13824 | D:11     | Noticed a two-headed ogre
 13930 | D:11     | Noticed Maurice
 13937 | D:11     | Killed Maurice
 14098 | D:11     | Noticed Fannar
 14647 | D:11     | Noticed a two-headed ogre
 14668 | D:11     | Killed a two-headed ogre
 14965 | D:11     | Noticed a boulder beetle
 14975 | D:11     | Killed a boulder beetle
 15880 | D:11     | Noticed a two-headed ogre
 15888 | D:11     | Killed a two-headed ogre
 16095 | D:11     | Noticed a deep troll earth mage
 16107 | D:11     | HP: 2/74 [deep troll earth mage (6)]
 16108 | D:11     | Slain by a deep troll earth mage

Illustrated notes

Levels and vault maps discovered:
D:1:      zaba_arrival_water, layout_loops_ring, minmay_hexomino_r4
D:2:      layout_basic, basic_ecumenical_altar, glass_columns_a
D:3:      layout_loops_ring, minivault_5, roderic_serpentine_path
D:4:      kennysheep_six_static_rooms, layout_basic, xom_confusion_cloud,
          serial_curves, eino_curves_01, eino_curves_03
D:5:      layout_loops_ring, nicolae_wu_jian_glorious_leap
D:6:      layout_cave_pools, grunt_temple_overflow_gold_and_silver,
          kennysheep_opposing_triangles
D:7:      cheibrodos_wizards_tower, layout_loops_corners,
          fedhas_bush_and_centaur_altar, minmay_temple_entry_statues_pillars,
          serial_shops, nicolae_square_shop
D:8:      minmay_angry_zag, layout_rooms, uniq_erica
D:9:      layout_cave_pools, nicolae_overflow_quartered_altars,
          gammafunk_ghost_ooze, uniq_joseph
D:10:     gammafunk_boulding_lane, layout_basic, general_overflow_altar,
          enter_bailey_3
D:11:     nzn_winding_woodlands_huge [nzn_winding_woodlands_5x15_parted,
          nzn_winding_woodlands_5x15_pool, nzn_winding_woodlands_5x15_garden,
          nzn_winding_woodlands_5x15_sidewinder,
          nzn_winding_woodlands_5x15_pathside_ponds,
          nzn_winding_woodlands_5x15_crooked,
          nzn_winding_woodlands_5x15_sawtooth,
          nzn_winding_woodlands_5x15_zeroes, nzn_winding_woodlands_5x15_default,
          nzn_winding_woodlands_5x15_longhouse,
          nzn_winding_woodlands_center_garden,
          nzn_winding_woodlands_center_lodge,
          nzn_winding_woodlands_15x15_killbox], layout_basic,
          grunt_lair_entry_orc_guard_hut, nicolae_trove_entry_crystal,
          uniq_fannar, uniq_maurice

Skill      XL: |  1  2  3  4  5  6  7  8  9 10 11 12 |
---------------+-------------------------------------+-----
Conjurations   | 6 7 8 9 10 | 10.0
Spellcasting   | 3 4 5 6 7 8 |  8.3
Stealth        | 3 4 5 6 |  6.4
Fighting       | 1 2 3 5 6 7 8 |  8.2
Dodging        | 3 4 6 7 8 9 |  9.3
Maces & Flails | 1 2 3 4 5 6 |  6.6
Hexes          | 1 2 3 4 |  4.0
Evocations     | 2 4 5 |  5.0
Translocations | 2 3 4 |  4.0
Armour         | 3 4 |  4.0
Air Magic      | 3 4 |  4.0
Invocations    | 1 |  1.4
Ice Magic      | 2 4 |  4.2

Action                   |  1- 3 |  4- 6 |  7- 9 | 10-12 || total
-------------------------+-------+-------+-------+-------++-------
Melee: Staff             |       |     1 |     1 |     1 ||     3
       Flail             |       |       |     1 |     9 ||    10
       Kick              |       |       |     1 |     4 ||     5
       Peck              |       |       |       |     3 ||     3
 Cast: Magic Dart        |    53 |   103 |    82 |    90 ||   328
       Searing Ray       |     2 |    17 |    61 |    77 ||   157
       Fulminant Prism   |       |       |    11 |    32 ||    43
       Iskenderun's Myst |       |       |     3 |    48 ||    51
       Apportation       |       |       |       |     1 ||     1
       Freezing Cloud    |       |       |       |    17 ||    17
  Use: Scroll            |       |     6 |     6 |     5 ||    17
       Potion            |       |       |       |     2 ||     2
 Stab: Sleeping          |       |       |       |     1 ||     1
Armor: Robe              |       |       |       |     1 ||     1
       Leather armour    |       |       |       |     4 ||     4
Dodge: Dodged            |     4 |    10 |    26 |    95 ||   135

Table legend: (Time is in decaauts)
 A = Elapsed time spent in this place.
 B = Non-inter-level travel time spent in this place.
 C = Inter-level travel time spent in this place.
 D = Time resting spent in this place.
 E = Time spent auto-exploring this place.
 F = Levels seen in this place.
 G = Mean time per level.
                   A        B        C        D        E       F      G
               +--------+--------+--------+--------+--------+-----+--------+
         Total |  15579 |  15112 |    467 |   5675 |   6490 |  12 | 1298.2 |
       Dungeon |  14974 |  14507 |    467 |   5301 |   6490 |  11 | 1361.3 |
        Bailey |    605 |    605 |      0 |    374 |      0 |   1 |  605.0 |
               +--------+--------+--------+--------+--------+-----+--------+

Top non-repeatable levels by time:
    D:11: 2039 daAuts
     D:7: 1680 daAuts
     D:6: 1627 daAuts
     D:5: 1519 daAuts
     D:4: 1371 daAuts
     D:3: 1366 daAuts
     D:1: 1189 daAuts
    D:10: 1173 daAuts
     D:8: 1142 daAuts
     D:2: 951 daAuts
     D:9: 912 daAuts
  Bailey: 605 daAuts
